AoeStats
← AxingQuestions

Arabia

503219366Analyzed
4v4 RM · 1mo ago on Aug 30, 2026· 49m 56s· 8 players
Game mode
Random Map
Map size
Large (8 player)
Population
200
Speed
Normal
Resources
Standard
Victory
Conquest
Starting age
Dark Age
Ending age
Imperial Age
RankedLock teamsTeams togetherTeam positionsShared explorationLock speedFull tech treeHidden civsTurbo modeCheats
Victory
Defeat
🇨🇴 Persians · Colombia
1455
+6
🇲🇽 Franks · Mexico
1273
+13
🇲🇽 Bulgarians · Mexico
1195
+17
🇨🇴 Koreans · Colombia
1005
+25
🇲🇽 Britons · Mexico
1235
-16
🇫🇷 Tupi · France
1216
-15
🇦🇷 Koreans · Argentina
1213
-15
🇺🇸 Franks · United States
1198
-14
AxingQuestions
10:32 Feudal Age
11:20 Loom
14:55 Castle Age
14:02 Double-Bit Axe
15:06 Pikeman
19:35 Husbandry
24:00 Forging
24:44 Scale Barding Armor
27:48 Iron Casting
29:12 Gold Mining
32:01 Chain Barding Armor
34:20 Bow Saw
35:18 Wheelbarrow
39:19 Gold Shaft Mining
39:30 Hand Cart
40:49 Town Watch
43:48 Imperial Age
42:51 Squires
43:53 Cavalier
45:10 Plate Barding Armor
45:36 Blast Furnace
44:37 Fletching
45:20 Halberdier
mecrosclan
7:12 Loom
9:28 Feudal Age
12:05 Double-Bit Axe
14:06 Fletching
14:47 Padded Archer Armor
17:54 Horse Collar
18:30 Forging
21:06 Gold Mining
21:18 Scale Mail Armor
25:36 Castle Age
25:38 Crossbowman
26:15 Bodkin Arrow
26:23 Squires
28:33 Wheelbarrow
29:16 Ballistics
30:36 Pikeman
35:07 Leather Archer Armor
35:36 Chain Mail Armor
38:07 Iron Casting
39:11 Stone Mining
39:58 Gold Shaft Mining
39:39 Hand Cart
42:27 Murder Holes
48:14 Imperial Age
48:11 Heavy Plow
49:16 Conscription
48:19 Arbalester
48:22 Halberdier
49:27 Arson
LRNI_UzuI
6:34 Loom
9:14 Feudal Age
10:06 Double-Bit Axe
13:50 Fletching
19:28 Wheelbarrow
22:29 Castle Age
20:55 Gold Mining
20:51 Horse Collar
23:10 Bodkin Arrow
22:37 Crossbowman
23:43 Thumb Ring
24:40 Ballistics
25:41 Town Watch
35:33 Imperial Age
35:27 Stone Mining
36:15 Bracer
35:36 Arbalester
37:34 Chemistry
40:23 Masonry
42:26 Town Patrol
45:07 Pikeman
45:48 Squires
46:19 Careening
46:09 Murder Holes
47:18 Halberdier
47:58 Squires
Kvaratskhelia
6:20 Loom
8:40 Feudal Age
11:04 Double-Bit Axe
15:06 Fletching
22:57 Castle Age
20:56 Horse Collar
21:30 Gold Mining
23:39 Bodkin Arrow
23:06 Crossbowman
24:15 Padded Archer Armor
24:50 Ballistics
28:37 Wheelbarrow
30:18 Bow Saw
30:37 Hand Cart
31:12 Town Watch
32:28 Leather Archer Armor
32:43 Heavy Plow
37:09 Imperial Age
35:44 Gold Shaft Mining
35:56 Stone Mining
37:51 Bracer
38:53 Chemistry
37:19 Arbalester
38:27 Conscription
39:41 Two-Man Saw
39:24 Ring Archer Armor
39:34 Curare
41:04 Scale Mail Armor
41:15 Forging
40:26 Pikeman
41:07 Squires
40:54 Arson
40:51 Treadmill Crane
41:07 Murder Holes
41:51 Hoardings
41:31 Guard Tower
41:27 Arrowslits
41:14 Sappers
44:16 Chain Mail Armor
44:37 Iron Casting
43:24 Halberdier
45:31 Keep
45:32 Town Patrol
47:04 Champi Runner
48:17 Plate Mail Armor
48:36 Champi Warrior
JAGR | CIHUACOATL
5:36 Loom
8:44 Feudal Age
9:30 Double-Bit Axe
16:07 Wheelbarrow
19:42 Castle Age
18:45 Scale Barding Armor
18:50 Forging
18:56 Forging
18:55 Gold Mining
21:38 Town Watch
23:09 Husbandry
26:49 Chain Barding Armor
29:33 Iron Casting
29:52 Gold Shaft Mining
31:58 Stone Mining
41:14 Imperial Age
39:05 Murder Holes
41:11 Fletching
41:21 Padded Archer Armor
42:53 Plate Barding Armor
43:18 Blast Furnace
42:42 Elite Skirmisher
43:52 Bodkin Arrow
44:12 Leather Archer Armor
45:05 Chemistry
44:26 Ballistics
Dhapx
7:24 Loom
9:30 Feudal Age
10:11 Double-Bit Axe
10:07 Horse Collar
17:18 Wheelbarrow
19:40 Castle Age
18:57 Forging
19:01 Bloodlines
19:08 Scale Barding Armor
19:03 Gold Mining
20:44 Bow Saw
21:34 Gold Shaft Mining
21:32 Husbandry
22:04 Chain Barding Armor
25:27 Iron Casting
30:50 Stone Mining
32:40 Town Watch
36:24 Imperial Age
36:04 Cavalier
37:23 Plate Barding Armor
38:40 Blast Furnace
38:23 Savar
42:41 Conscription
43:07 Hand Cart
42:53 Town Patrol
MKNT | MSP
7:13 Loom
9:49 Feudal Age
10:52 Double-Bit Axe
14:15 Fletching
22:26 Castle Age
22:34 Crossbowman
23:27 Bodkin Arrow
27:19 Thumb Ring
33:29 Wheelbarrow
35:45 Imperial Age
33:26 Elite Skirmisher
35:16 Wheelbarrow
41:48 Chemistry
42:14 Conscription
UriMx
7:04 Loom
10:19 Feudal Age
11:51 Double-Bit Axe
16:21 Wheelbarrow
22:30 Castle Age
20:52 Scale Barding Armor
20:44 Horse Collar
21:22 Bloodlines
22:07 Forging
23:44 Chain Barding Armor
24:19 Bow Saw
Connection lost

Rejoining the realm…

Still unreachable

The connection could not be restored.

Session expired

The server has moved on; the page needs a fresh start.